[Event "AZE-ch Men 2019"]
[Site "Baku"]
[Date "2019.01.16"]
[Round "1"]
[White "Gadimbayli, Abdulla"]
[Black "Ilyasli, Ughur"]
[Result "1-0"]
[ECO "C67"]
[WhiteElo "2409"]
[BlackElo "2148"]
[Annotator "NA"]
[PlyCount "101"]
[EventDate "2019.01.16"]
[EventType "swiss"]
[EventCountry "AZE"]
[SourceTitle "playchess.com"]
[Source "ChessBase"]
[SourceQuality "1"]
[TimeControl "40/5400+30:1800+30"]

1. e4 e5 2. Nf3 Nc6 3. Bb5 Nf6 4. O-O Nxe4 5. d4 Nd6 6. dxe5 Nxb5 7. a4 d6 8. e6 Bxe6 9. axb5 Nb8 10. Nd4 Be7 11. Nxe6 fxe6 12. Qg4 O-O 13. Qxe6+ Kh8 14. Be3 Bf6 15. Rxa7 Rxa7 16. Bxa7 b6 17. Bxb8 Qxb8 18. c3 Re8 19. Qc4 Re5 20. Nd2 Rc5 21. Qe2 Re5 22. Qd3 Qe8 23. c4 Re2 24. b3 g6 25. Nf3 Qe6 26. Rd1 Kg7 27. Kf1 Re4 28. Qd5 Qxd5 29. Rxd5 Re8 30. Rd3 Kf7 31. g3 Ra8 32. Nd2 Ke6 33. Re3+ Kd7 34. Ne4 Be7 35. Nc3 Bd8 36. Nd5 c6 37. bxc6+ Kxc6 38. Re8 Ra1+ 39. Kg2 Kd7 40. Rh8 Rb1 41. Rxh7+ Kc6 42. Rh8 Kd7 43. b4 Rc1 44. Rh7+ Kc6 45. b5+ Kc5 46. Rh8 Bg5 47. Rc8+ Kd4 48. Nxb6 d5 49. Nxd5 Rxc4 50. Rxc4+ Kxc4 51. b6 1-0

[Event "AZE-ch Men 2019"]
[Site "Baku"]
[Date "2019.01.16"]
[Round "1"]
[White "Shahaliyev, Ismayil"]
[Black "Isgandarov, Shahriyar"]
[Result "1-0"]
[ECO "B31"]
[WhiteElo "2389"]
[BlackElo "2113"]
[Annotator "NA"]
[PlyCount "107"]
[EventDate "2019.01.16"]
[EventType "swiss"]
[EventCountry "AZE"]
[SourceTitle "playchess.com"]
[Source "ChessBase"]
[SourceQuality "1"]
[TimeControl "40/5400+30:1800+30"]

1. e4 c5 2. Nf3 Nc6 3. Bb5 g6 4. Bxc6 bxc6 5. O-O Bg7 6. Re1 Nf6 7. e5 Nd5 8. c4 Nc7 9. d4 cxd4 10. Qxd4 O-O 11. Qh4 {[%emt 0:01:30] B31: Sicilian: 2...Nc6 3 Bb5 g6} f6 12. exf6 (12. Nc3 Ne6 13. Ne4 fxe5 14. Nfg5 Nxg5 15. Bxg5 Qb6 16. c5 Qxb2 17. Rad1 d5 18. cxd6 exd6 19. Rxd6 Bf5 20. Nf6+ Bxf6 21. Bxf6 Rab8 22. Qc4+ Rf7 23. Red1 Qb1 24. h3 {1-0 (24) Van Wely,L (2667)-Hou,Y (2673) Wijk aan Zee 2015}) 12... exf6 13. Bh6 Ne6 14. Bxg7 Kxg7 15. Nc3 f5 16. Qxd8 Rxd8 17. Rad1 d6 18. Nd4 Nxd4 19. Rxd4 Kf6 $146 20. c5 d5 21. f4 Ba6 22. b3 Re8 23. Rxe8 Rxe8 24. Ra4 Bd3 25. Kf2 Re7 26. Rd4 Ba6 27. Ra4 Bd3 28. Rd4 Ba6 29. g3 h6 30. Ra4 Bd3 31. Rd4 Ba6 32. Rd1 g5 33. Rd4 g4 34. Ra4 Bd3 35. Rd4 Ba6 36. Rd1 Re6 37. a4 Re8 38. b4 Bc4 39. b5 cxb5 40. axb5 Rb8 41. Ke3 Bxb5 42. Rxd5 Bc4 43. Rd7 a5 $18 44. Kd4 Be6 45. Nd5+ Kg6 46. Re7 Bf7 47. c6 Bxd5 48. Kxd5 Rb2 49. c7 Rd2+ 50. Ke6 Rc2 51. Kd7 Kf6 52. Re6+ Kf7 53. Rc6 Rd2+ 54. Rd6 1-0

[Event "AZE-ch Men 2019"]
[Site "Baku"]
[Date "2019.01.16"]
[Round "1"]
[White "Zeynalov, Farid"]
[Black "Guliyev, Gasan"]
[Result "1-0"]
[ECO "A61"]
[WhiteElo "2344"]
[BlackElo "1997"]
[Annotator "NA"]
[PlyCount "56"]
[EventDate "2019.01.16"]
[EventType "swiss"]
[EventCountry "AZE"]
[SourceTitle "playchess.com"]
[Source "ChessBase"]
[SourceQuality "1"]
[TimeControl "40/5400+30:1800+30"]

1. d4 e6 2. c4 c5 3. d5 exd5 4. cxd5 d6 5. Nc3 Nf6 6. Nf3 g6 7. Bf4 Bg7 8. Qa4+ Bd7 9. Qb3 Qc7 10. e4 O-O 11. Be2 Nh5 12. Be3 a6 13. a4 Bg4 14. h3 Bxf3 15. Bxf3 Nd7 16. O-O c4 17. Qb4 Ne5 18. Be2 Nd3 19. Bxd3 cxd3 20. Rac1 f5 21. exf5 gxf5 22. Nb5 Qe7 23. Nc7 f4 24. Bd2 a5 25. Qb6 Qe2 26. Rcd1 Nf6 27. Nxa8 Rxa8 28. Qxd6 Ne4 1-0

[Event "AZE-ch Men 2019"]
[Site "Baku"]
[Date "2019.01.16"]
[Round "1"]
[White "Jafarli, Babak"]
[Black "Abdulov, Orkhan"]
[Result "1/2-1/2"]
[ECO "E15"]
[WhiteElo "2128"]
[BlackElo "2395"]
[Annotator "NA"]
[PlyCount "48"]
[EventDate "2019.01.16"]
[EventType "swiss"]
[EventCountry "AZE"]
[SourceTitle "playchess.com"]
[Source "ChessBase"]
[SourceQuality "1"]
[TimeControl "40/5400+30:1800+30"]

1. d4 Nf6 2. c4 e6 3. Nf3 b6 4. g3 Bb7 5. Bg2 c5 6. O-O cxd4 7. Nxd4 Bxg2 8. Kxg2 Be7 9. Nd2 O-O 10. b3 d5 11. Bb2 dxc4 12. Nxc4 Qd5+ 13. Nf3 Nc6 14. Rc1 Qh5 15. Nce5 Nxe5 16. Nxe5 Rfd8 17. Qc2 Rd5 18. Nc6 Bf8 19. b4 a5 20. e4 Rd7 21. Ne5 Rdd8 22. Nc6 Rd7 23. Ne5 Rdd8 24. Nc6 Rd7 1/2-1/2

[Event "AZE-ch Men 2019"]
[Site "Baku"]
[Date "2019.01.16"]
[Round "1"]
[White "Ahadzade, Kanan"]
[Black "Davidov, Samir"]
[Result "1/2-1/2"]
[ECO "B00"]
[WhiteElo "2019"]
[BlackElo "2344"]
[Annotator "NA"]
[PlyCount "110"]
[EventDate "2019.01.16"]
[EventType "swiss"]
[EventCountry "AZE"]
[SourceTitle "playchess.com"]
[Source "ChessBase"]
[SourceQuality "1"]
[TimeControl "40/5400+30:1800+30"]

1. e4 d6 2. d4 Nf6 3. Bd3 Nbd7 4. Nf3 e5 5. c3 h6 6. Nbd2 c6 7. O-O Qc7 8. Nc4 Be7 9. Ne3 g6 10. Bc2 Nh5 11. dxe5 dxe5 12. Ng4 Bf8 13. b3 Nhf6 14. Nfxe5 Bg7 15. Nxf6+ Bxf6 16. Nxd7 Bxc3 17. Be3 Qxd7 18. Qxd7+ Bxd7 19. Rad1 b6 20. Bd3 Ke7 21. Bc4 f6 22. Ba6 Rab8 23. Rd3 Be5 24. f4 Bc7 25. Bd4 Rhd8 26. b4 Be6 27. a4 Bd6 28. f5 gxf5 29. exf5 Bd5 30. Re3+ Kf7 31. Be2 Kg7 32. Rh3 Rd7 33. Rh4 Re8 34. Bf3 Be5 35. Bxe5 Rxe5 36. Rg4+ Kf7 37. Bd1 Kf8 38. Rd4 Ke7 39. Rh4 Kd8 40. Bf3 Bxf3 41. Rxf3 Rd1+ 42. Kf2 Rd2+ 43. Kf1 a5 44. bxa5 Rxa5 45. Rff4 Rc5 46. Rd4+ Rxd4 47. Rxd4+ Kc7 48. g4 Rc1+ 49. Kg2 c5 50. Re4 c4 51. Re7+ Kd6 52. Re6+ Kd7 53. Rxf6 c3 54. Rf7+ Kd6 55. Rf8 Kd7 1/2-1/2

[Event "AZE-ch Men 2019"]
[Site "Baku"]
[Date "2019.01.16"]
[Round "1"]
[White "Allahverdiyeva, Ayan"]
[Black "Guliev, Sarhan"]
[Result "1/2-1/2"]
[ECO "C84"]
[WhiteElo "1975"]
[BlackElo "2342"]
[Annotator "NA"]
[PlyCount "74"]
[EventDate "2019.01.16"]
[EventType "swiss"]
[EventCountry "AZE"]
[SourceTitle "playchess.com"]
[Source "ChessBase"]
[SourceQuality "1"]
[TimeControl "40/5400+30:1800+30"]

1. e4 e5 2. Nf3 Nc6 3. Bb5 a6 4. Ba4 Nf6 5. O-O Be7 6. d3 d6 7. Nc3 O-O 8. a3 Bg4 9. h3 Bxf3 10. Qxf3 Nd4 11. Qd1 b5 12. Bb3 Nxb3 13. cxb3 Nd7 14. b4 Bg5 15. d4 exd4 16. Bxg5 Qxg5 17. Qxd4 Nb6 18. Rac1 Rfe8 19. Ne2 Nc4 20. b3 c5 21. Qd1 Nxa3 22. Qxd6 c4 23. Nd4 cxb3 24. Nxb3 Nc4 25. Qd5 Qf4 26. Ra1 Rad8 27. Qf5 Qh6 28. Rfd1 Qb6 29. Nc5 a5 30. Nd7 Qc7 31. Qxb5 axb4 32. Qxb4 Ne3 33. Qd6 Qxd6 34. Rxd6 Nc4 35. Rd4 Nb6 36. Rad1 Nc4 37. Rd5 Ra8 1/2-1/2

[Event "AZE-ch Men 2019"]
[Site "Baku"]
[Date "2019.01.17"]
[Round "2"]
[White "Zeynalov, Farid"]
[Black "Gadimbayli, Abdulla"]
[Result "1-0"]
[ECO "A40"]
[WhiteElo "2344"]
[BlackElo "2409"]
[Annotator "NA"]
[PlyCount "123"]
[EventDate "2019.01.16"]
[EventType "swiss"]
[EventCountry "AZE"]
[SourceTitle "playchess.com"]
[Source "ChessBase"]
[SourceQuality "1"]
[TimeControl "40/5400+30:1800+30"]

1. d4 e6 2. c4 b6 3. e4 Bb7 4. Bd3 Bb4+ 5. Kf1 {[%emt 0:00:03] A40: Unusual replies to 1 d4} (5. Bd2 Bxd2+ 6. Qxd2 f5 7. Nc3 Nf6 8. f3 Nc6 9. Nge2 fxe4 10. fxe4 e5 11. d5 Ne7 12. O-O O-O 13. Ng3 {0-1 (31) Riazantsev,A (2650)-Alekseev,E (2616) Riadh 2017}) 5... Be7 6. Nc3 d6 7. Nf3 Nd7 8. g3 Bf6 9. Kg2 Ne7 {[%emt 0:03:16] LiveBook: 8 Games} 10. h4 a6 11. a3 $146 ({Predecessor:} 11. Bg5 c5 12. d5 h6 {1-0 (46) Gunina,V (2528)-Efroimski,M (2313) Batumi 2018}) 11... c5 12. d5 $1 Ne5 13. Be2 Nxf3 14. Bxf3 Bd4 15. Ne2 e5 16. g4 b5 17. h5 h6 18. Nxd4 cxd4 19. b3 f6 20. Be2 Qd7 21. Bd2 O-O 22. Ba5 Rab8 23. Rc1 Rfc8 24. f3 bxc4 25. Bxc4 Ra8 26. a4 Rf8 27. Qe2 Kh8 28. Rc2 f5 29. gxf5 Nxf5 30. exf5 Rxf5 31. Rh3 Raf8 32. Rg3 Rxh5 33. Bd2 $2 (33. Qe4 $18 {and the rest is easy.}) 33... Qe7 {[%emt 0:00:32] [#]} (33... Rh4 $16) 34. Qe4 $1 Rh4 35. Rg4 Rxg4+ 36. fxg4 ({Weaker is} 36. Qxg4 Bc8 $14) 36... Qd7 37. Kg3 Qf7 38. Be1 Qf4+ 39. Qxf4 Rxf4 40. Bd3 g5 41. Bd2 Bxd5 42. Bxf4 gxf4+ 43. Kf2 Bxb3 44. Rc6 d5 45. Rxh6+ Kg7 46. Re6 e4 47. Bxe4 dxe4 48. Rxe4 Bxa4 $18 49. Rxd4 Bb3 50. Rd3 Bc2 51. Ra3 Be4 52. Ra4 Bd3 53. Kf3 Bb5 54. Ra5 Kf6 55. Kxf4 Ke6 56. Kg5 Be2 57. Ra2 Bc4 58. Rc2 Bd5 59. Rc5 Bf3 60. Kf4 Bb7 61. g5 Bg2 62. g6 {[%emt 0:00:57] Kd5 Ke4+} 1-0

[Event "AZE-ch Men 2019"]
[Site "Baku"]
[Date "2019.01.17"]
[Round "2"]
[White "Guliev, Logman"]
[Black "Bashirli, Nail"]
[Result "1/2-1/2"]
[ECO "B08"]
[WhiteElo "2322"]
[BlackElo "2324"]
[Annotator "NA"]
[PlyCount "167"]
[EventDate "2019.01.16"]
[EventType "swiss"]
[EventCountry "AZE"]
[SourceTitle "playchess.com"]
[Source "ChessBase"]
[SourceQuality "1"]
[TimeControl "40/5400+30:1800+30"]

1. e4 g6 2. d4 Bg7 3. Nc3 d6 4. Nf3 Nf6 5. Be2 O-O 6. O-O Nbd7 7. h3 c6 8. e5 Ne8 9. Bf4 dxe5 10. dxe5 {[%emt 0:01:10] LiveBook: 31 Games} Qa5 {[%emt 0:01:42] B08: Pirc Defence: Classical System} (10... Nc7 11. Qc1 Ne6 12. Bh6 Qc7 13. Bxg7 Kxg7 14. Qe3 Qb6 15. Qxb6 Nxb6 16. Rfd1 a5 17. Rd2 Rd8 18. Rxd8 Nxd8 19. Rd1 Ne6 20. Bf1 Nc5 21. Rd4 Ne6 22. Rd2 Nc5 23. Rd4 Ne6 24. Rd2 Nc5 {½-½ (24) Bindrich,F (2609)-Jovanovic,Z (2550) Austria 2015}) 11. Bg5 Nc7 12. Bxe7 Re8 {[%emt 0:03:34] [#]} 13. Bd6 $1 Nxe5 14. Nxe5 Bxe5 {[%emt 0:00:39] [#]} 15. b4 $1 Qa3 16. Bxe5 Rxe5 17. Qd4 Re8 $146 ({Predecessor:} 17... Re7 $16 18. Ne4 {½-½ (30) Horvath,G (2280)-Dudas,J (2410) Balatonbereny 1997}) 18. Ne4 Nd5 {[%emt 0:13:20] [#]} 19. Bc4 $1 Rxe4 20. Qxe4 Bf5 21. Qe5 Nxb4 22. Rab1 b5 23. Rb3 Qa4 24. Qe7 bxc4 25. Rxb4 Qxc2 26. Rb7 Rf8 27. Rxa7 c3 28. Ra3 Bd3 29. Re1 Qd2 30. Qe3 Rd8 31. Qe7 Rf8 32. Qe3 Rd8 33. Rc1 Qxe3 34. fxe3 c2 35. Kf2 c5 36. Ke1 c4 37. Kd2 Be4+ 38. Kc3 Kg7 39. Kb2 Rb8+ 40. Kc3 Rb1 41. Kd2 Rb2 42. Kc3 Rb1 43. Kd2 Kf6 44. Rc3 Rb4 45. a3 Ra4 46. g3 Ke5 $15 47. Rf1 f6 48. h4 f5 49. Rg1 h5 50. Rf1 Kd5 51. Rf4 Ra6 52. Rf1 Kc5 53. Rc1 Rd6+ 54. Ke2 Kb5 55. Ke1 Bd3 56. Kf2 Be4 57. Ke2 Kc5 58. Ke1 Rb6 59. Ke2 Rb1 60. Kd2 Bd3 61. Re1 Kb5 62. Rc1 Kc5 63. Re1 Kd5 64. Rc1 Rb6 65. Rxd3+ cxd3 66. Kxd3 Rb3+ 67. Ke2 Ke4 68. Rxc2 Rxe3+ 69. Kf2 Rxa3 70. Re2+ Kd5 71. Re8 Ra6 72. Kf3 Ra3+ 73. Kf4 Ra4+ 74. Kf3 Rg4 75. Re7 Kd6 76. Ra7 Ke5 77. Ra5+ Kf6 78. Ra6+ Kg7 79. Ra7+ Kf6 80. Ra6+ Ke5 81. Ra5+ Kd4 82. Ra4+ Kd3 83. Ra6 Kd2 84. Rb6 1/2-1/2

[Event "AZE-ch Men 2019"]
[Site "Baku"]
[Date "2019.01.17"]
[Round "2"]
[White "Isgandarov, Shahriyar"]
[Black "Abbasov, Amil"]
[Result "0-1"]
[ECO "B31"]
[WhiteElo "2113"]
[BlackElo "2190"]
[Annotator "NA"]
[PlyCount "118"]
[EventDate "2019.01.16"]
[EventType "swiss"]
[EventCountry "AZE"]
[SourceTitle "playchess.com"]
[Source "ChessBase"]
[SourceQuality "1"]
[TimeControl "40/5400+30:1800+30"]

1. e4 c5 2. Nf3 Nc6 3. Bb5 g6 4. c3 Bg7 5. d4 Qb6 6. a4 cxd4 7. O-O a6 8. Bxc6 dxc6 9. a5 Qc7 10. cxd4 Bg4 11. Be3 Rd8 12. Ra4 Nf6 13. h3 Bd7 14. Nc3 O-O 15. Qc1 Qc8 16. Kh2 Ne8 17. e5 Nc7 18. Bh6 Bf5 19. Re1 Nb5 20. Qf4 Qd7 21. Qh4 f6 22. Bxg7 Kxg7 23. Nxb5 axb5 24. Ra3 Be6 25. a6 bxa6 26. Rxa6 Ra8 27. Rxa8 Rxa8 28. Nd2 Ra4 29. exf6+ exf6 30. Nf3 Bd5 31. Nd2 Rb4 32. Qf4 Bf7 33. Re4 Rxb2 34. Qe3 Qd5 35. Rh4 Qg5 36. Rf4 Qd5 37. Ne4 Rb3 38. Qe2 f5 39. Ng3 Qd6 40. Qd2 Bd5 41. Rh4 Qe7 42. Qh6+ Kg8 43. Nxf5 gxf5 44. Rh5 Ra3 45. Rxf5 Ra8 46. Re5 Qc7 47. f4 Kh8 48. g4 Qf7 49. f5 b4 50. Qd6 b3 51. Re7 Qf8 52. Qe5+ Kg8 53. f6 Ra2+ 54. Kg1 Bf7 55. Rb7 Ra8 56. Qf4 Kh8 57. Qc7 Qe8 58. Rxb3 Qe1+ 59. Kg2 Bd5+ 0-1

[Event "AZE-ch Men 2019"]
[Site "Baku"]
[Date "2019.01.18"]
[Round "3"]
[White "Muradli, Mahammad"]
[Black "Davidov, Samir"]
[Result "1-0"]
[ECO "A55"]
[WhiteElo "2432"]
[BlackElo "2344"]
[Annotator "NA"]
[PlyCount "119"]
[EventDate "2019.01.16"]
[EventType "swiss"]
[EventCountry "AZE"]
[SourceTitle "playchess.com"]
[Source "ChessBase"]
[SourceQuality "1"]
[TimeControl "40/5400+30:1800+30"]

1. d4 d6 2. Nf3 Nf6 3. c4 Nbd7 4. Nc3 e5 5. e4 c6 6. Be2 h6 {[%emt 0:00:05] A55: Old Indian Defence with Nf3 and e4} (6... g6 7. O-O Bg7 8. Re1 O-O 9. Bf1 h6 10. Rb1 Nh7 11. dxe5 dxe5 12. b4 a5 13. b5 Qe7 14. Na4 Rd8 15. Qb3 Nhf8 16. Ba3 Qf6 17. bxc6 bxc6 18. Nb6 {0-1 (35) Wojtaszek,R (2727)-Movsesian,S (2653) Huaian 2016}) 7. Be3 Ng4 $146 ({Predecessor:} 7... Qc7 8. Rc1 Be7 9. O-O Nf8 10. Ne1 g5 11. f3 Ng6 12. Nc2 Nf4 13. Bxf4 gxf4 14. b4 {1-0 (27) Garceran Izquierdo,R (1698)-Lopez Garralon,M (1955) Madrid 2013}) 8. Bd2 Qf6 9. d5 Qd8 10. O-O Ngf6 11. Ne1 g5 12. Nd3 Rg8 13. Be3 h5 14. f3 h4 15. dxc6 bxc6 16. c5 (16. b4 $142) 16... dxc5 17. b3 Nh5 18. Qc2 Nf4 19. Rfd1 Qf6 20. Nf2 Ne6 21. Ng4 Qe7 22. Na4 Rg6 23. Rxd7 Bxd7 24. Nxe5 Qf6 25. Qb2 Bg7 26. Nc4 Qxb2 27. Naxb2 Nd4 28. Bd3 h3 29. e5 Bf5 30. Bxd4 Bxd3 31. Nxd3 cxd4 32. g4 Bf8 33. Kf2 O-O-O 34. Kg3 Re6 35. Rf1 f6 36. f4 fxe5 37. fxe5 Be7 38. Rf5 Kc7 39. Kf3 Rh6 40. Ke4 {[%emt 0:00:00] [#]} Kd7 $1 41. Nd2 c5 42. Rf7 Ke6 ({Better is} 42... Ke8 $17 43. Rf2 Rb8) 43. Rg7 Rh4 44. Rg6+ Kf7 45. Kf5 Rf8 (45... Rhh8 $11) 46. Ne4 $1 Ke8+ (46... a5 $16 {was necessary.}) 47. Nf6+ Bxf6 48. exf6 Rh7 49. Ne5 ({Less strong is} 49. Kxg5 Kf7 $16) (49. Rxg5 Rhf7 $14) 49... Rd7 $18 (49... d3 50. Nxd3 Rd7) 50. Nxd7 Kxd7 51. Rh6 a5 52. Rxh3 a4 53. Rd3 Kd6 54. b4 Rb8 55. bxc5+ Kxc5 56. Kxg5 Kc4 57. Rd1 d3 58. f7 Kc3 59. Kf6 Kc2 60. Rg1 1-0

[Event "AZE-ch Men 2019"]
[Site "Baku"]
[Date "2019.01.18"]
[Round "3"]
[White "Bashirli, Nail"]
[Black "Novruzov, Emin"]
[Result "1-0"]
[ECO "C63"]
[WhiteElo "2324"]
[BlackElo "1910"]
[Annotator "NA"]
[PlyCount "105"]
[EventDate "2019.01.16"]
[EventType "swiss"]
[EventCountry "AZE"]
[SourceTitle "playchess.com"]
[Source "ChessBase"]
[SourceQuality "1"]
[TimeControl "40/5400+30:1800+30"]

1. e4 e5 2. Nf3 Nc6 3. Bb5 f5 4. d3 fxe4 5. dxe4 Nf6 6. Nc3 Bb4 7. Bg5 Bxc3+ {[%emt 0:00:51] C63: Ruy Lopez: Schliemann/Jaenisch Defence} 8. bxc3 d6 9. Nd2 O-O 10. O-O Qe8 (10... Be6 11. Bc4 Qe8 12. Qe2 Kh8 13. f3 Nh5 14. g3 Bh3 15. Rf2 Qg6 16. Be3 Nf4 17. Qd1 {½-½ (58) Byambaa,Z (2279)-Lavrov,M (2397) Moscow 2012}) 11. f3 Qg6 $146 ({Predecessor:} 11... a6 12. Bc4+ Kh8 13. Qe2 Nh5 14. Rab1 Qg6 15. Be3 Nd8 16. Rf2 a5 17. a4 {0-1 (29) Opasiak,D (1797)-Veltkamp,G (2123) Caleta 2018}) 12. Be3 Nd8 13. Rf2 Ne6 14. Bf1 Nh5 15. Kh1 Kh8 16. Qe1 Rf6 17. g3 Bd7 18. Bg2 Raf8 19. Qe2 b6 20. Raf1 Ng5 21. f4 Qh6 22. Kg1 Nh3+ 23. Bxh3 Bxh3 24. f5 Bxf1 25. Nxf1 g5 26. Rg2 Rg8 27. h4 Nf4 28. gxf4 gxf4 29. Rxg8+ Kxg8 30. Bf2 Qg7+ 31. Kh1 Kh8 32. Nh2 Rf8 33. Qg4 Qf7 34. Nf3 Qxa2 35. Ng5 Qg8 36. Qh5 Rf6 37. Ne6 Qf7 38. Qg5 h6 39. Qg4 (39. Qg1 $142) 39... d5 40. Ng5 hxg5 (40... Qe7 $17 41. Ne6 dxe4 42. Nxf4 exf4) 41. hxg5 Rd6 42. g6 $11 Qg7 43. exd5 Rxd5 44. Qh5+ Kg8 45. f6 Rd1+ 46. Kh2 Qxf6 47. Qh7+ Kf8 48. Bh4 Rd2+ 49. Kg1 Rd1+ 50. Kf2 Rd2+ 51. Ke1 Rd1+ 52. Kxd1 Qd6+ 53. Ke1 1-0

[Event "AZE-ch Men 2019"]
[Site "Baku"]
[Date "2019.01.18"]
[Round "3"]
[White "Ahadzade, Kanan"]
[Black "Bajarani, Ulvi"]
[Result "0-1"]
[ECO "E16"]
[WhiteElo "2019"]
[BlackElo "2421"]
[Annotator "RC"]
[PlyCount "160"]
[EventDate "2019.01.16"]
[EventType "swiss"]
[EventCountry "AZE"]
[SourceTitle "playchess.com"]
[Source "ChessBase"]
[SourceQuality "1"]
[TimeControl "40/5400+30:1800+30"]

1. d4 e6 2. c4 Nf6 3. Nf3 b6 4. g3 Bb7 5. Bg2 Bb4+ 6. Bd2 a5 7. a3 Bxd2+ 8. Qxd2 O-O 9. O-O d6 10. Nc3 Na6 11. Rad1 Qe7 12. Qc2 Rfd8 13. e4 e5 14. Nd5 Nxd5 15. exd5 exd4 16. Rxd4 Re8 17. Rh4 h6 18. Nd4 Bc8 19. Qc3 a4 20. Re4 Qf8 21. Rxe8 Qxe8 22. Re1 Qf8 23. Be4 Nc5 24. Bf5 Ba6 25. Re3 g6 26. Bc2 Re8 27. Rf3 Qg7 28. h4 h5 29. Kg2 Bc8 30. Nb5 Qxc3 31. Nxc3 Bd7 32. Re3 Rb8 33. Ne4 Nxe4 34. Bxe4 b5 35. cxb5 Rxb5 36. Re2 Kf8 37. Rc2 Rb7 38. Kf3 Ke7 39. Kf4 f5 40. Bd3 Kf6 41. Ke3 Be8 42. Kd4 Ke7 43. Bc4 Kd8 44. Ba2 Rb5 45. Bc4 Rc5 46. Rc3 Bf7 47. b4 axb3 48. Bxb3 Rb5 49. Bc4 Ra5 50. Rb3 Ra4 51. Rb8+ Kd7 52. Rb4 Rxa3 53. Bb5+ Kc8 54. Bc6 Ra2 55. Ke3 Ra5 56. Kd4 Bxd5 57. Ra4 Rxa4+ 58. Bxa4 Bf7 59. Bc6 Kd8 60. f3 Be8 61. Bd5 Ke7 62. Bb3 c5+ 63. Ke3 Kf6 64. Bd1 Bd7 65. Bb3 Be6 66. Bc2 d5 67. Ba4 Ke5 68. f4+ Kf6 69. Be8 Bf7 70. Bd7 Ke7 71. Ba4 Kd6 72. Bb5 Kc7 73. Kd3 Kb6 74. Bd7 Ka5 75. Kc3 d4+ 76. Kd3 Kb4 77. Bc6 Bc4+ 78. Kc2 Bb5 79. Bd5 c4 80. Bf7 c3 0-1

[Event "AZE-ch Men 2019"]
[Site "Baku"]
[Date "2019.01.18"]
[Round "3"]
[White "Guliyev, Gasan"]
[Black "Abdulov, Orkhan"]
[Result "0-1"]
[ECO "A40"]
[WhiteElo "1997"]
[BlackElo "2395"]
[Annotator "NA RC"]
[PlyCount "72"]
[EventDate "2019.01.16"]
[EventType "swiss"]
[EventCountry "AZE"]
[SourceTitle "playchess.com"]
[Source "ChessBase"]
[SourceQuality "1"]
[TimeControl "40/5400+30:1800+30"]

1. d4 e6 2. Nf3 f5 3. g3 b6 4. Bg2 Bb7 5. c4 Nf6 6. O-O g6 7. Nc3 Bg7 8. d5 O-O 9. Bf4 Na6 10. Nd4 Nh5 $11 11. Bc1 e5 12. Ndb5 d6 13. f4 exf4 14. gxf4 Nc5 15. Nd4 Qf6 16. e3 a5 17. Bf3 Nxf4 18. exf4 Qxd4+ 19. Qxd4 Bxd4+ 20. Kg2 Bxc3 21. bxc3 Ba6 22. Be3 Bxc4 23. Rfd1 Rae8 24. Bxc5 bxc5 25. Kf2 Rb8 26. Rd2 a4 27. Be2 Bxe2 28. Rxe2 Kf7 29. Rae1 Rfe8 30. Rxe8 Rxe8 31. Rb1 Ke7 32. Rb7 Kd7 33. Ra7 Re4 34. Kg3 Rc4 35. Kh4 h6 36. Kg3 Rxc3+ 0-1

[Event "AZE-ch Men 2019"]
[Site "Baku"]
[Date "2019.01.18"]
[Round "3"]
[White "Allahverdiyeva, Ayan"]
[Black "Isgandarov, Shahriyar"]
[Result "1/2-1/2"]
[ECO "B33"]
[WhiteElo "1975"]
[BlackElo "2113"]
[Annotator "NA"]
[PlyCount "104"]
[EventDate "2019.01.16"]
[EventType "swiss"]
[EventCountry "AZE"]
[SourceTitle "playchess.com"]
[Source "ChessBase"]
[SourceQuality "1"]
[TimeControl "40/5400+30:1800+30"]

1. e4 c5 2. Nf3 Nc6 3. d4 cxd4 4. Nxd4 Nf6 5. Nc3 e6 6. Ndb5 d6 7. Bf4 e5 8. Bg5 a6 9. Na3 b5 10. Bxf6 gxf6 11. Nd5 Bg7 12. g3 O-O 13. Bg2 Ne7 14. c3 Rb8 15. Nc2 f5 16. Nxe7+ Qxe7 17. Nb4 Bb7 18. Nd5 Bxd5 19. Qxd5 fxe4 20. Bxe4 Kh8 21. O-O-O f5 22. Bc2 Rb6 23. Kb1 e4 24. Rhe1 b4 25. g4 bxc3 26. b3 Qe5 27. gxf5 Rxf5 28. Qxe4 Qxe4 29. Rxe4 Rxf2 30. Re7 Rb8 31. Rg1 Rg8 32. h3 Rh2 33. Bf5 Rb2+ 34. Ka1 Rf2 35. Bd3 c2+ 36. Rexg7 Rxg7 37. Rc1 Rg3 38. Bxa6 d5 39. Kb2 d4 40. Rxc2 Rxc2+ 41. Kxc2 Rxh3 42. a4 Rc3+ 43. Kb2 Rc6 44. Bd3 Kg7 45. a5 Kf6 46. a6 Rc7 47. b4 Ke7 48. b5 Kd6 49. b6 Rc8 50. a7 Kc6 51. a8=Q+ Rxa8 52. Be4+ Kxb6 1/2-1/2

[Event "AZE-ch Men 2019"]
[Site "Baku"]
[Date "2019.01.19"]
[Round "4"]
[White "Novruzov, Emin"]
[Black "Allahverdiyeva, Ayan"]
[Result "0-1"]
[ECO "C00"]
[WhiteElo "1910"]
[BlackElo "1975"]
[Annotator "NA RC"]
[PlyCount "80"]
[EventDate "2019.01.16"]
[EventType "swiss"]
[EventCountry "AZE"]
[SourceTitle "playchess.com"]
[Source "ChessBase"]
[SourceQuality "1"]
[TimeControl "40/5400+30:1800+30"]

1. e4 e6 2. Nc3 Nf6 3. d4 d5 4. exd5 exd5 5. Bd3 Be7 6. Nge2 Nc6 7. a3 a6 8. f3 Be6 9. Be3 Qd7 10. g4 Ng8 11. h4 Bd6 12. Qd2 Nge7 13. Bf4 h5 14. Bxd6 Qxd6 15. Qg5 hxg4 16. fxg4 O-O-O 17. O-O-O f6 18. Qxg7 Bd7 19. Rdf1 Rdf8 20. Bf5 Bxf5 21. gxf5 Rfg8 22. Qf7 Nd8 23. Ne4 Nxf7 24. Nxd6+ Nxd6 25. Nf4 Ndxf5 26. Nxd5 Rh6 27. c3 Nxd5 28. Rxf5 Ne7 29. Rf2 Kd7 30. Kc2 Rg4 31. Kd3 f5 32. h5 Rg5 33. Rfh2 Nd5 34. c4 Nf6 35. Rf2 Rhxh5 36. Rhf1 Rh3+ 37. Kc2 Ng4 38. Rf3 Ne3+ 39. Kc1 Rxf3 40. Rxf3 Nxc4 0-1

[Event "AZE-ch Men 2019"]
[Site "Baku"]
[Date "2019.01.20"]
[Round "5"]
[White "Ilyasli, Ughur"]
[Black "Guliev, Sarhan"]
[Result "0-1"]
[ECO "E16"]
[WhiteElo "2148"]
[BlackElo "2342"]
[Annotator "ChessBase"]
[PlyCount "176"]
[EventDate "2019.01.16"]
[EventType "swiss"]
[EventCountry "AZE"]
[SourceTitle "playchess.com"]
[Source "ChessBase"]
[SourceQuality "1"]
[TimeControl "40/5400+30:1800+30"]

1. d4 Nf6 2. c4 e6 3. Nf3 Bb4+ 4. Bd2 Qe7 5. g3 Bxd2+ 6. Nbxd2 d6 7. e4 e5 8. d5 O-O 9. Bg2 a5 10. O-O Ng4 11. h3 Nh6 12. Ne1 f5 13. exf5 Nxf5 14. Ne4 Nd4 15. Nc2 Nxc2 16. Qxc2 Bf5 17. f4 exf4 18. Rxf4 Nd7 19. Raf1 g6 20. g4 Bxe4 21. Qxe4 Ne5 22. a3 Qg5 23. c5 Rxf4 24. Rxf4 dxc5 25. h4 Qe7 26. Rf2 Re8 27. g5 Nf7 28. Qe6 Qxe6 29. dxe6 Rxe6 30. Bxb7 Re5 31. Rf4 Nd6 32. Bc6 c4 33. Rd4 Rc5 34. Bd7 Kf7 35. Kf1 Ke7 36. Bg4 c3 37. bxc3 Rxc3 38. Rd2 Rxa3 39. Re2+ Kd8 40. Kg2 a4 41. Rf2 Re3 42. Bd1 a3 43. Ba4 Ke7 44. Rc2 Kd8 45. Bc6 Rb3 46. Rc5 Nf5 47. h5 a2 48. Ra5 Rb2+ 49. Kh3 Nd4 50. Bd5 Nb3 51. hxg6 hxg6 52. Bxb3 Rxb3+ 53. Kg4 Rb2 54. Kf4 Kd7 55. Ra6 Rg2 56. Kf3 Rb2 57. Kf4 c6 58. Ke5 Rf2 59. Ra7+ Kc8 60. Kd6 Kb8 61. Ra3 Kb7 62. Kc5 Rc2+ 63. Kb4 Kb6 64. Ra8 c5+ 65. Kb3 Rg2 66. Kc4 Rg4+ 67. Kb3 Rg2 68. Kc4 Rg4+ 69. Kb3 Kb5 70. Rb8+ Kc6 71. Ra8 Rg2 72. Kc4 Kb6 73. Kb3 Kb5 74. Rb8+ Kc6 75. Ra8 Kd5 76. Kc3 Rxg5 77. Kb3 Rg2 78. Rd8+ Ke4 79. Re8+ Kf4 80. Rf8+ Kg4 81. Ra8 g5 82. Kc4 Kg3 83. Kxc5 g4 84. Kd4 Rf2 85. Ke3 Kg2 86. Ra7 g3 87. Ra8 Kf1 88. Rh8 g2 0-1